 Dungeon Crawl Stone Soup version 0.28.0-43-g3370ac3207 (webtiles) character file.

Game seed: 11878862931850409162

126 mortz the Conjurer (level 5, 0/31 HPs)
             Began as an Octopode Conjurer on Mar 29, 2022.
             Succumbed to a kobold brigand's curare-tipped dart
             ... on level 4 of the Dungeon.
             The game lasted 00:13:57 (3539 turns).

mortz the Conjurer (Octopode Conjurer)              Turns: 3539, Time: 00:13:57

Health: 0/31       AC:  1    Str:  7    XL:     5   Next: 9%
Magic:  4/9        EV: 28    Int: 30    God:
Gold:   107        SH:  0    Dex: 10    Spells: 5/9 levels left

rFire   . . .      SeeInvis .   r - +2 rapier of the Shore {vorpal, +Blink rN+ Int+8, short}
rCold   . . .      Faith    .   (no shield)
rNeg    + . .      Spirit   .   (helmet restricted)
rPois   .          Reflect  .   p - amulet of the acrobat
rElec   .          Harm     .   (no ring)
rCorr   .          Rampage  .   (no ring)
Will    .....                   (no ring)
Stlth   +++.......              (no ring)
HPRegen 0.10/turn               (no ring)
MPRegen 0.11/turn               (no ring)
                                (no ring)
                                (no ring)

@: lethally poisoned (0 -> -16), acrobatic, slowed, very slow
A: almost no armour, amphibious, 8 rings, camouflage 1, gelatinous body 1,
(nimble swimmer 1), tentacles
a: Evoke Blink


You were on level 4 of the Dungeon.
You visited 1 branch of the dungeon, and saw 4 of its levels.

You collected 107 gold pieces.


Innate Abilities, Weirdness & Mutations

You cannot wear most types of armour.
You are amphibious.
You can wear up to eight rings at the same time.
Your skin changes colour to match your surroundings (Stealth+).
Your rubbery body absorbs attacks. (AC +1, EV +1)
((You are camouflaged when in or above water. (Stealth+)))
You have tentacles for arms and can constrict up to eight enemies at once.


   Skills:
 + Level 2.5 Dodging
 + Level 3.2 Stealth
 + Level 2.7 Spellcasting
 + Level 5.3 Conjurations
 + Level 0.4 Air Magic


You had 5 spell levels left.
You knew the following spells:

 Your Spells              Type           Power      Damage    Failure   Level
a - Magic Dart            Conj           100%       1d8       1%          1
b - Searing Ray           Conj           72%        2d7       1%          2
c - Shock                 Conj/Air       84%        1d8       2%          1

Your spell library contained the following spells:

 Spells                   Type           Power      Damage    Failure   Level
 Freeze                   Ice            16%        1d4       8%          1
 Dazzling Flash           Conj/Hex       40%        N/A       8%          3
 Swiftness                Air            6%         N/A       19%         3
 Frozen Ramparts          Ice            8%         1d2       22%         3
 Ozocubu's Armour         Ice            4%         N/A       22%         3
 Fulminant Prism          Conj/Hex       10%        3d9       24%         4
 Hailstorm                Conj/Ice       20%        3d6       24%         4
 Iskenderun's Mystic Bla  Conj/Tloc      20%        2d6       24%         4
 Airstrike                Air            3%         N/A       52%         4
 Ozocubu's Refrigeration  Ice            2%         4d5       100%        7

Inventory:

Hand Weapons
 a - a +0 club {mace}
   (You took it off a goblin on level 1 of the Dungeon)
 b - a +0 hand axe {axe}
   (You found it on level 1 of the Dungeon)
 e - a +0 short sword {short}
   (You took it off a kobold on level 1 of the Dungeon)
 r - the +2 rapier of the Shore (weapon) {vorpal, +Blink rN+ Int+8, short}
   (You found it on level 3 of the Dungeon)

   It inflicts extra damage upon your enemies.
   Int:       It affects your intelligence (+8).
   rN:        It protects you from negative energy.
   +Blink:    It lets you blink.
Missiles
 d - 94 stones {throwing}
 q - 55 arrows
 s - 15 sling bullets
Magical Staves
 i - a staff of air {!astaff}
   (You found it on level 1 of the Dungeon)
Jewellery
 p - an amulet of the acrobat (around mantle)
   (You found it on level 2 of the Dungeon)
Scrolls
 c - 3 scrolls of identify {unknown}
 f - 6 scrolls of teleportation {unknown}
 g - a scroll of vulnerability {unknown}
 k - a scroll of blinking {unknown}
 l - 2 scrolls of enchant weapon {unknown}
 n - a scroll of noise {unknown}
 o - a scroll of magic mapping {unknown}
 v - a scroll of fog {unknown}
Potions
 h - a potion of curing {unknown}
 j - 3 potions of degeneration {unknown}
 m - 2 potions of brilliance {unknown}
 t - a potion of flight {unknown}
 u - a potion of attraction {unknown}

Dungeon Overview and Level Annotations

Branches:
Dungeon (4/15)
 Temple: D:4-7

Altars:
Okawaru

Shops:
D:1 [ D:2

( #......... #######
##.........
#####.....####..........
#....$.....##...##......
...........#...###.....#
...............# ##.####
...<.......†..## ###
......KZ......#
#......@...)..##
#..............# ###
#..............# ###..
####...........# #....
#######..#### ##....
##..## #..... ##..##
##.... ##..## ###..
#############..## ##.


You could see a kobold brigand and a bullfrog skeleton.


Message History

The hound barely misses you. 😎 MP[-1]
You lost 1 mp, and now have 3/7 mp.
Aiming: Shock (safe; 2% risk of failure)
Press: ? - help, Q - select action, (/) - cycle Shift-Dir - straight line, f/p - hound
Aim: a hound (severely wounded, 60% to hit)
The zap hits the hound.
The hound barely misses you. x2 😎 MP[-1]
You lost 1 mp, and now have 2/7 mp.
Aiming: Shock (safe; 2% risk of failure)
Press: ? - help, Q - select action, (/) - cycle Shift-Dir - straight line, f/p - hound
Aim: a hound (almost dead, 60% to hit)
The zap hits the hound.
The hound bites you. 😕 HP[-4] MP[-1]
You take 4 damage, and now have 23/27 hp.
You lost 1 mp, and now have 1/7 mp.
Aiming: Shock (safe; 2% risk of failure)
Press: ? - help, Q - select action, (/) - cycle Shift-Dir - straight line, f/p - hound
Aim: a hound (almost dead, 60% to hit)
The zap hits the hound.
You kill the hound!
You have reached level 5!
You feel stronger. 😕 HP[+3]
You now have 31 max hp (+4).
You regained 3 hp, and now have 26/31 hp.
A kobold comes into view.
It is wielding a +0 whip and quivering poisoned darts. 😕 HP[+2] MP[+1]
You regained 2 hp, and now have 28/31 hp.
You start resting. 😎 HP[+3] MP[+3]
Your hp is fully restored (31).
You regained 3 mp, and now have 5/9 mp.
You start resting. 😎 MP[+4]
Your mp is fully restored (9).
A giant cockroach comes into view.
Aiming: Shock (safe; 2% risk of failure)
Press: ? - help, Q - select action, (/) - cycle Shift-Dir - straight line, f - giant cockroach
Aim: a giant cockroach (asleep, 100% to hit)
The zap hits the giant cockroach!
You kill the giant cockroach! 😎 MP[-1]
You lost 1 mp, and now have 8/9 mp.
A kobold brigand comes into view.
It is wielding a +0 dagger and quivering curare-tipped darts.
Found a stone staircase leading up. 😎 MP[+1]
Your mp is fully restored (9).
You now have 107 gold pieces (gained 3).
The kobold brigand shouts!
The kobold brigand throws a curare-tipped dart.
The curare-tipped dart hits you.
You are poisoned.
You have difficulty breathing.
You feel yourself slow down. 😕 HP[-4]
You take 4 damage, and now have 27/31 hp.
Aiming: Shock (safe; 2% risk of failure)
Press: ? - help, Q - select action, (/) - cycle Shift-Dir - straight line, f - kobold brigand
Aim: a kobold brigand, wielding a +0 dagger and quivering curare-tipped darts (67% to hit)
The zap hits the kobold brigand!
You feel very sick.
A bullfrog skeleton comes into view.
The kobold brigand throws a curare-tipped dart.
The curare-tipped dart barely misses you. 😮 HP[-5] MP[-1]
You take 5 damage, and now have 22/31 hp.
You lost 1 mp, and now have 8/9 mp.
You feel very sick. 😮 HP[-2]
You take 2 damage, and now have 20/31 hp.
Casting: Shock (safe; 2% risk of failure)
Confirm with . or Enter, or press ? or * to list all spells.
Aiming: Searing Ray (safe; 1% risk of failure)
Press: ? - help, Shift-Dir - straight line, f/p - kobold brigand
Aim: a kobold brigand, wielding a +0 dagger and quivering curare-tipped darts (moderately wounded, 76% to hit)
The searing ray misses the kobold brigand. (Press . to maintain the ray.)
You feel very sick.
The kobold brigand throws a curare-tipped dart.
The curare-tipped dart hits you.
You are lethally poisoned!
You have difficulty breathing.
* * * LOW HITPOINT WARNING * * *
You feel as though you will be slow longer. 😨 HP[-8] MP[-2]
You take 8 damage, and now have 12/31 hp.
MASSIVE DAMAGE!! (PAUSE)
You lost 2 mp, and now have 6/9 mp.
The searing ray hits the kobold brigand.
* * * LOW HITPOINT WARNING * * *
You feel extremely sick.
The kobold brigand completely misses you. 😱 HP[-7] MP[-1]
You take 7 damage, and now have 5/31 hp.
MASSIVE DAMAGE!! (PAUSE)
You lost 1 mp, and now have 5/9 mp.
The searing ray hits the kobold brigand!
You die...

Skill      XL: |  1  2  3  4 |
---------------+-------------+-----
Conjurations   | 5 |  5.3
Stealth        | 3 |  3.2
Dodging        | |  2.5
Spellcasting   | |  2.7
Air Magic      | |  0.4

Action                   |  1- 3 |  4- 6 || total
-------------------------+-------+-------++-------
Melee: Unarmed           |     2 |       ||     2
 Cast: Magic Dart        |    47 |     8 ||    55
       Searing Ray       |    10 |     5 ||    15
       Shock             |       |    33 ||    33
Dodge: Dodged            |     3 |    13 ||    16

Levels and vault maps discovered:
D:1:      dpeg_arrival_ratfight, layout_rooms, serial_shops, nicolae_shop_stone,
          hangedman_decor_peaks_small, chequers_serial_rivers_room_b
D:2:      layout_loops_ring, serial_shops, nicolae_shop_trees
D:3:      layout_basic, mainiacjoe_overflow_small_starburst,
          shapermc_ecumenical_altar_ellora, minmay_increasing_density
D:4:      layout_cave_pods, trog_book

Notes
Turn   | Place    | Note
-------+----------+-------------------------------------------
     0 | D:1      | mortz the Octopode Conjurer began the quest for the Orb.
     0 | D:1      | Reached XP level 1. HP: 11/11 MP: 3/3
     0 | D:1      | magus.rc [v1.9.6]
   200 | D:1      | Reached XP level 2. HP: 17/17 MP: 3/5
   225 | D:1      | Learned a level 2 spell: Searing Ray
   561 | D:1      | Found Tiwnain's Antique Armour Shoppe.
   643 | D:1      | Reached XP level 3. HP: 21/21 MP: 3/6
  1501 | D:2      | You pick up a book of Air and begin reading...
  1501 | D:2      | You add the spells Shock, Swiftness and Airstrike to your
                  | library.
  1567 | D:2      | Found Wishal's Antique Weapon Shoppe.
  1918 | D:3      | Reached skill level 5 in Conjurations
  1918 | D:3      | Reached XP level 4. HP: 27/27 MP: 1/7
  2181 | D:3      | Identified the +2 rapier of the Shore {vorpal, +Blink rN+
                  | Int+8}
  2195 | D:3      | You pick up a book of Frost and begin reading...
  2195 | D:3      | You add the spells Freeze, Frozen Ramparts and Hailstorm to
                  | your library.
  2263 | D:3      | Reached skill level 3 in Stealth
  2304 | D:3      | Learned a level 1 spell: Shock
  2361 | D:3      | Found an iron altar of Okawaru.
  2486 | D:3      | You add the spells Ozocubu's Armour and Ozocubu's
                  | Refrigeration to your library.
  2853 | D:3      | Found a faded altar of an unknown god.
  3346 | D:4      | Reached XP level 5. HP: 26/31 MP: 1/9
  3444 | D:4      | Noticed a kobold brigand
  3538 | D:4      | HP: 5/31 [poisoned by a kobold brigand (curare-tipped
                  | dart)]
  3539 | D:4      | Succumbed to a kobold brigand's curare-tipped dart

Vanquished Creatures
  A hound (D:4)
  3 adders
  A worm (D:3)
  An orc (D:3)
  6 bats
  2 endoplasms
  3 giant cockroaches
  6 goblins
  4 hobgoblins
  A jackal (D:3)
  7 quokkas
  5 ball pythons
  4 frilled lizards
  9 kobolds
  11 rats
64 creatures vanquished.

Table legend:
 A = Non-vault XP
 B = Vault XP
 C = Vault XP percentage of total XP
 D = Non-vault monster count
 E = Vault monster count
 F = Vault count percentage of total count
                 A         B        C        D         E       F
            +---------+---------+-------+---------+---------+-------
      Total |     147 |      33 |  18.3 |      51 |      13 |  20.3
            +---------+---------+-------+---------+---------+-------
        D:1 |      38 |       5 |  11.6 |      25 |       5 |  16.7
        D:2 |      28 |       0 |   0.0 |      10 |       0 |   0.0
        D:3 |      35 |      28 |  44.4 |      13 |       8 |  38.1
        D:4 |      46 |       0 |   0.0 |       3 |       0 |   0.0
            +---------+---------+-------+---------+---------+-------

Illustrated notes

Table legend:
 A = Kills in this place as a percentage of kills in entire the game.
 B = Kills by you in this place as a percentage of kills by you in the entire game.
 C = Kills by friends in this place as a percentage of kills by friends in the entire game.
 D = Other kills in this place as a percentage of other kills in the entire game.
 E = Experience gained in this place as a percentage of experience gained in the entire game.
 F = Experience gained in this place divided by the number of levels of this place that you have seen.
                   A       B       C       D       E      F
               +-------+-------+-------+-------+-------+----------------------
         Total | 100.0 | 100.0 |   N/A |   N/A | 100.0 |  45.0
       Dungeon | 100.0 | 100.0 |   N/A |   N/A | 100.0 |  45.0
               +-------+-------+-------+-------+-------+----------------------

Table legend: (Time is in decaauts)
 A = Elapsed time spent in this place.
 B = Non-inter-level travel time spent in this place.
 C = Inter-level travel time spent in this place.
 D = Time resting spent in this place.
 E = Time spent auto-exploring this place.
 F = Levels seen in this place.
 G = Mean time per level.
                   A        B        C        D        E       F      G
               +--------+--------+--------+--------+--------+-----+--------+
         Total |   3538 |   3446 |     92 |    344 |   2773 |   4 |  884.5 |
       Dungeon |   3538 |   3446 |     92 |    344 |   2773 |   4 |  884.5 |
               +--------+--------+--------+--------+--------+-----+--------+

Top non-repeatable levels by time:
     D:3: 1261 daAuts
     D:1: 1022 daAuts
     D:2: 889 daAuts
     D:4: 365 daAuts
